 Dungeon Crawl Stone Soup version 0.20-a0-848-g73d9be0 (webtiles) character file.

2205 Alarkh the Slasher (level 9, -1/69 HPs)
             Began as a Demonspawn Fighter on Mar 9, 2017.
             Slain by a hornet (11 damage)
             ... on level 7 of the Dungeon.
             The game lasted 00:07:04 (7821 turns).

Alarkh the Slasher (Demonspawn Fighter)             Turns: 7821, Time: 00:07:05

Health: -1/69      AC:  9    Str: 17    XL:     9   Next: 12%
Magic:  9/9        EV:  9    Int: 12    God:
Gold:   205        SH:  9    Dex: 13    Spells: 8/8 levels left

rFire    . . .     SeeInvis .   a - +3 long sword
rCold    + . .     Gourm    .   b - +0 scale mail
rNeg     . . .     Faith    .   c - +0 shield
rPois    .         Spirit   .   (helmet restricted)
rElec    .         Reflect  .   o - scarf {rC+}
rCorr    +         Harm     .   (no gloves)
MR       .....                  j - +1 pair of boots
Stlth    +.........             (no amulet)
Regen    0.3/turn               (no ring)
MPRegen  0.2/turn               x - ring of resist corrosion

@: lethally poisoned (-1 -> -23), slowed, very slow
A: horns 2, nightstalker 1, rot immunity
a: no special abilities


You were on level 7 of the Dungeon.
You were not hungry.

You visited 2 branches of the dungeon, and saw 8 of its levels.

You collected 365 gold pieces.
You spent 160 gold pieces at shops.

Inventory:

Hand Weapons
 a - a +3 long sword (weapon)
Armour
 b - a +0 scale mail (worn)
 c - a +0 shield (worn)
 j - a +1 pair of boots (worn)
 o - a scarf of cold resistance (worn)
Jewellery
 x - a ring of resist corrosion (left hand)
Wands
 d - a wand of digging (9/24)
 y - a wand of iceblast (4/15)
Scrolls
 e - a scroll of identify
 h - 4 scrolls of teleportation
 i - 3 scrolls of remove curse
 r - a scroll of amnesia
 s - a scroll of summoning
 u - a scroll of acquirement {unknown}
 v - a scroll of blinking {unknown}
 B - a scroll of noise {unknown}
Potions
 g - a potion of curing
 k - a potion of flight
 m - a potion of brilliance
 p - a potion of resistance
 t - a potion of haste
Comestibles
 f - 5 bread rations
 l - 2 meat rations
 n - 2 royal jellies
 q - 6 fruits


   Skills:
 + Level 5.9 Fighting
 * Level 6.7 Long Blades
 + Level 5.3 Armour
 + Level 4.1 Dodging
 + Level 5.1 Shields


You had 8 spell levels left.
You didn't know any spells.

Dungeon Overview and Level Annotations

Branches:
Dungeon (7/15)             Temple (1/1) D:6

Altars:
Cheibriados
Dithmenos
Elyvilon
Fedhas
Hepliaklqana
Kikubaaqudgha
Makhleb
Nemelex Xobeh
Qazlal
Ru
Sif Muna
Uskayaw
Vehumet
Xom
Yredelemnul
Zin
The Shining One

Shops:
D:7 *


Innate Abilities, Weirdness & Mutations

You have a pair of horns on your head.
You are slightly more attuned to the shadows.
You are immune to rotting.


Message History

You feel as though you will be slow longer.
The hornet stings you!
* * * LOW HITPOINT WARNING * * *
You are more poisoned.
You feel as though you will be slow longer.
You barely miss the hornet. Your headbutt misses the hornet.
The hornet is severely wounded.
* * * LOW HITPOINT WARNING * * *
You feel very sick. The hornet closely misses you.
The hornet stings you but does no damage.
You block the hornet's attack.
Okay, then.
Unknown command.
You hit the hornet.
The hornet is almost dead.
* * * LOW HITPOINT WARNING * * *
You feel very sick. The hornet stings you!
You die...

##.#.########.##.##.#
#..##. #.#.#
#......##.#####..##.
#.#.#
#.#.#####.##........
#.#.# #.#.#
#.##.##..##. #...#
#.#.#####.#...#..##.
#.#..............##.
#.p.#####.#...##....
#.#.# #.##.######.
###@# #"##.# #....
#.#y# #.##.###.###
#.# ..# #.##..##.# #.
#.###.###.##.### #
.#...# #.##...#
###### #.#.###. #..##
## #..# # #..#####


You could see a hornet and a neutral freed slave (wandering).

Vanquished Creatures
  Pikel (D:7)
  Menkaure (D:4)
  A black bear (D:7)
  3 ice beasts (D:6)
  A phantom (D:5)
  A centaur (D:6)
  A bullfrog (D:7)
  A scorpion (D:5)
  3 wights (D:6)
  A howler monkey (D:5)
  2 crimson imps
  2 quasits (D:6)
  A gnoll shaman (D:4)
  A jelly (D:5)
  4 orc wizards
  Crazy Yiuf (D:6)
  2 orc priests
  2 iguanas (D:6)
  A worker ant (D:4)
  A hound skeleton (D:5)
  2 worker ant zombies
  7 gnolls
  13 adders
  A shadow imp (D:6)
  5 oozes
  An adder skeleton (D:5)
  4 worms
  4 dart slugs
  3 leopard geckos
  14 orcs
  4 bats
  4 giant cockroaches
  7 goblins
  8 hobgoblins
  5 jackals
  4 quokkas
  A ball python (D:1)
  6 frilled lizards
  2 jackal skeletons
  6 kobolds
  A leopard gecko skeleton (D:6)
  A quokka skeleton (D:6)
  11 rats
145 creatures vanquished.

Vanquished Creatures (others)
  An orc wizard (D:7)
  An orc (D:7)
2 creatures vanquished.

Grand Total: 147 creatures vanquished

Notes
Turn   | Place    | Note
-------+----------+-------------------------------------------
     0 | D:1      | Alarkh the Demonspawn Fighter began the quest for the Orb.
     0 | D:1      | Reached XP level 1. HP: 18/18 MP: 1/1
   320 | D:1      | Reached skill level 2 in Long Blades
   349 | D:1      | Gained mutation: You have a pair of small horns on your head. [demonic ancestry]
   349 | D:1      | Reached XP level 2. HP: 14/24 MP: 2/2
   816 | D:1      | Reached XP level 3. HP: 27/29 MP: 3/3
  1377 | D:2      | Found a white marble altar of Elyvilon.
  1380 | D:2      | Found a blossoming altar of Fedhas.
  1484 | D:2      | Reached XP level 4. HP: 13/35 MP: 4/4
  1915 | D:2      | Found a stormy altar of Qazlal.
  2099 | D:2      | Found a shadowy altar of Dithmenos.
  2358 | D:2      | Reached skill level 1 in Dodging
  2495 | D:3      | Found a basalt altar of Yredelemnul.
  2761 | D:3      | Reached skill level 3 in Long Blades
  2761 | D:3      | Reached XP level 5. HP: 16/42 MP: 5/5
  4101 | D:4      | Gained mutation: You are slightly more attuned to the shadows. [demonic ancestry]
  4101 | D:4      | Reached XP level 6. HP: 48/48 MP: 6/6
  4404 | D:4      | Noticed Menkaure
  4410 | D:4      | Killed Menkaure
  4410 | D:4      | Reached skill level 4 in Long Blades
  4596 | D:4      | Found a radiant altar of Vehumet.
  4836 | D:5      | Entered Level 5 of the Dungeon
  4892 | D:5      | Gained mutation: You have a pair of horns on your head. [demonic ancestry]
  4892 | D:5      | Reached XP level 7. HP: 49/55 MP: 7/7
  5857 | D:6      | Reached skill level 5 in Long Blades
  5975 | D:6      | Reached XP level 8. HP: 45/61 MP: 8/8
  6103 | D:6      | Reached skill level 5 in Fighting
  6555 | D:6      | Found a runed door.
  6636 | D:6      | Found a staircase to the Ecumenical Temple.
  6767 | D:6      | Found a deep blue altar of Sif Muna.
  6806 | Temple   | Entered the Ecumenical Temple
  6957 | D:6      | Reached skill level 6 in Long Blades
  7158 | D:6      | Noticed Crazy Yiuf
  7195 | D:6      | Killed Crazy Yiuf
  7411 | D:7      | Found Puguet's Assorted Antiques.
  7418 | D:7      | Bought a thin sapphire amulet for 100 gold pieces
  7418 | D:7      | Bought a scroll of teleportation for 60 gold pieces
  7421 | D:7      | Noticed Pikel
  7455 | D:7      | Killed Pikel
  7455 | D:7      | Reached skill level 5 in Armour
  7455 | D:7      | Reached skill level 5 in Shields
  7455 | D:7      | Gained mutation: You are immune to rotting. [demonic ancestry]
  7455 | D:7      | Reached XP level 9. HP: 56/69 MP: 9/9
  7731 | D:7      | Found a sacrificial altar of Ru.
  7815 | D:7      | Paralysed by a hornet for 3 turns
  7821 | D:7      | Slain by a hornet

Vault maps used:
D:1:      lemuel_arrival_behind_the_door_small
D:2:      grunt_temple_overflow_forces_of_nature,
          nicolae_dithmenos_shadow_blocks, elyvilon_altar_5
D:3:      minmay_door_path, yredelemnul_altar_generic
D:4:      kennysheep_little_box, uniq_menkaure
D:5:      first_bread
D:6:      kennysheep_mini, minmay_temple_entry_statues_fountains, st_stairs_8,
          hangedman_decor_clover_reticule, uniq_crazy_yiuf_cottage
D:7:      marbit_many_paths, lemuel_crystal_altar,
          gammafunk_temple_overflow_statue, serial_shops, shop,
          serial_bayou_pond_e, uniq_pikel
Temple:   eino_temple_lava

Skill      XL: |  1  2  3  4  5  6  7  8 |
---------------+-------------------------+-----
Long Blades    | 2 3 4 5 6 |  6.7
Shields        | 3 4 5 |  5.1
Armour         | 3 4 5 |  5.3
Dodging        | 1 2 3 4 |  4.1
Fighting       | 4 5 |  5.9

Action                   |  1- 3 |  4- 6 |  7- 9 || total
-------------------------+-------+-------+-------++-------
Melee: Long sword        |   126 |   196 |   260 ||   582
       Headbutt          |    20 |    28 |    39 ||    87
  Use: Scroll            |     1 |     8 |     5 ||    14
       Potion            |       |     7 |     4 ||    11
 Stab: Sleeping          |       |       |     1 ||     1
  Eat: Chunk             |     2 |    10 |    11 ||    23
Armor: Scale mail        |    64 |    81 |   108 ||   253
       Skin              |       |    26 |    14 ||    40
Dodge: Dodged            |    30 |    56 |    88 ||   174
Block: Shield            |    75 |   103 |   127 ||   305
       Rpst.: Long sword |    11 |    21 |    18 ||    50
